 Dungeon Crawl Stone Soup version 0.21.0-26-g889b8f6872 (webtiles) character file.

473 Hat the Cleaver (level 6, -2/55 HPs)
             Began as a Deep Dwarf Berserker on Jan 28, 2018.
             Was a Believer of Trog.
             Succumbed to Edmund's poison
             ... on level 3 of the Dungeon.
             The game lasted 00:21:25 (2830 turns).

Hat the Cleaver (Deep Dwarf Berserker)              Turns: 2830, Time: 00:21:26

Health: -2/55      AC:  8    Str: 23    XL:     6   Next: 84%
Magic:  6/6        EV:  8    Int:  7    God:    Trog [**....]
Gold:   164        SH:  0    Dex: 12    Spells: 5/5 levels left

rFire    . . .     SeeInvis +   a - +0 hand axe
rCold    . . .     Gourm    .   (no shield)
rNeg     . . .     Faith    .   g - +0 chain mail
rPois    .         Spirit   .   (no helmet)
rElec    .         Reflect  .   (no cloak)
rCorr    .         Harm     .   (no gloves)
MR       .....     Rnd*Tele +   (no boots)
Stlth    ..........             (no amulet)
HPRegen  0.00/turn              i - ring of teleportation (curse)
MPRegen  0.10/turn              m - ring of see invisible

@: lethally poisoned (-2 -> -14), fainting, non-regenerating
A: damage resistance, heal wounds, sense surroundings 1, no regeneration
a: Heal Wounds, Berserk, Trog's Hand, Burn Spellbooks, Renounce Religion


You were on level 3 of the Dungeon.
You worshipped Trog.
Trog was pleased with you.
You were fainting.

You visited 1 branch of the dungeon, and saw 5 of its levels.

You collected 164 gold pieces.

Inventory:

Hand Weapons
 a - a +0 hand axe (weapon)
 q - a +0 war axe
Armour
 g - a +0 chain mail (worn)
Jewellery
 i - a cursed ring of teleportation (left hand)
 k - an uncursed ring of protection from cold
 m - a ring of see invisible (right hand)
Wands
 v - a wand of iceblast (6)
Scrolls
 b - 6 scrolls of identify {unknown}
 d - 2 scrolls of amnesia {unknown}
 e - a scroll of teleportation {unknown}
 f - 2 scrolls of enchant weapon {unknown}
 n - 2 scrolls of immolation {unknown}
 p - 2 scrolls of remove curse {unknown}
Potions
 h - 3 potions of curing {unknown}
 j - a potion of haste {unknown}
 l - 3 potions of heal wounds {unknown}
 o - a potion of flight {unknown}
 r - a potion of mutation {unknown}
 s - a potion of berserk rage {unknown}
 t - a potion of degeneration {unknown}
 u - a potion of might {unknown}
Comestibles
 c - 6 rations
 w - a chunk of flesh


   Skills:
 - Level 2.6 Fighting
 * Level 8.6 Axes
 - Level 2.1 Armour
 - Level 2.1 Dodging


You had 5 spell levels left.
You didn't know any spells.

Dungeon Overview and Level Annotations

Branches:
Dungeon (5/15)
 Temple: D:4-7

Altars:
Kikubaaqudgha
Sif Muna
Trog
Uskayaw
Vehumet

Annotations:
D:4 Edmund


Innate Abilities, Weirdness & Mutations

You are resistant to damage.
You can heal yourself by infusing magical energy.
You passively map a small area around you.
You do not regenerate.


Message History

Edmund hits you with a dire flail of venom.
* * * LOW HITPOINT WARNING * * *
You are more poisoned.
* * * LOW HITPOINT WARNING * * *
You feel very sick.
Edmund throws a stone.
The stone completely misses you.
You see here a stone.
* * * LOW HITPOINT WARNING * * *
You feel very sick.
Edmund throws a stone.
The stone hits you but does no damage.
You see here a stone.
* * * LOW HITPOINT WARNING * * *
You feel very sick.
Edmund throws a stone.
The stone hits you but does no damage.
There is a stone staircase leading up here.
You see here a stone.
* * * LOW HITPOINT WARNING * * *
You feel sick.
You climb upwards.
You die...

.#####.# #.#.##.#
#.#...##..##.#.
....##.###.#.##.#
#.....##..##.#.
....##...)......#
#.....##..##.#.
...........######
#..............
....######.#
#.....##.#...## ....#
#.# #.....##......#
.#### #.#
#####.#..###..[.... .#
#.####....#...# #.......
.#
#......@.###.####.......
## ######..##
##..........#
#.#.###.######...##
#...)#..# ##>##
###.#.#.# #.# #.###.#
#.# #.# #.# #.# #.# #.#
#(# ##.# #.## #.#


There were no monsters in sight!

Vanquished Creatures
  Sigmund (D:3)
  2 hounds (D:4)
  An orc wizard (D:4)
  Natasha (twice) (D:4)
  Robin (D:3)
  6 adders
  4 oozes
  An adder skeleton (D:4)
  2 worms (D:3)
  2 dart slugs
  4 leopard geckos
  4 orcs (D:4)
  4 bats
  7 giant cockroaches
  19 goblins
  7 hobgoblins
  9 kobolds
  2 quokkas (D:3)
  4 frilled lizards
  A jackal skeleton (D:4)
  5 rats
88 creatures vanquished.

Notes
Turn   | Place    | Note
-------+----------+-------------------------------------------
     0 | D:1      | Hat the Deep Dwarf Berserker began the quest for the Orb.
     0 | D:1      | Reached XP level 1. HP: 20/20 MP: 1/1
   207 | D:1      | Reached XP level 2. HP: 21/27 MP: 2/2
   268 | D:1      | Reached skill level 4 in Axes
   544 | D:1      | Reached XP level 3. HP: 23/33 MP: 3/3
   895 | D:3      | Noticed Robin
   941 | D:2      | Reached skill level 5 in Axes
   944 | D:2      | Reached ** piety under Trog
  1004 | D:2      | Noticed a hand axe
  1004 | D:2      | Noticed a hand axe
  1005 | D:2      | Found a hide-covered altar of Uskayaw.
  1206 | D:2      | Reached XP level 4. HP: 33/40 MP: 4/4
  1222 | D:3      | Noticed Sigmund
  1242 | D:3      | Killed Sigmund
  1242 | D:3      | Reached skill level 7 in Axes
  1242 | D:3      | Reached XP level 5. HP: 18/46 MP: 5/5
  1796 | D:3      | Killed Robin
  1828 | D:3      | Reached XP level 6. HP: 35/55 MP: 6/6
  2255 | D:4      | Reached skill level 8 in Axes
  2274 | D:4      | Found a bloodstained altar of Trog.
  2484 | D:3      | Found a radiant altar of Vehumet.
  2494 | D:3      | Found an ancient bone altar of Kikubaaqudgha.
  2495 | D:3      | Found a deep blue altar of Sif Muna.
  2606 | D:4      | Noticed Natasha
  2637 | D:4      | Killed Natasha
  2684 | D:5      | Entered Level 5 of the Dungeon
  2704 | D:4      | Noticed Natasha
  2718 | D:4      | Killed Natasha
  2785 | D:4      | Noticed Edmund
  2829 | D:4      | HP: 2/55 [poisoned by Edmund]
  2830 | D:3      | Succumbed to Edmund's poison

Skill      XL: |  1  2  3  4  5  6 |
---------------+-------------------+-----
Axes           | 4 5 7 8 |  8.6
Fighting       | |  2.6
Armour         | |  2.1
Dodging        | |  2.1

Action                   |  1- 3 |  4- 6 || total
-------------------------+-------+-------++-------
Melee: Hand axe          |   127 |   258 ||   385
Invok: Trog's Hand       |     1 |     5 ||     6
       Burn Spellbooks   |       |     1 ||     1
  Eat: Chunk             |     1 |     5 ||     6
Armor: Chain mail        |    51 |   119 ||   170
       Animal skin       |     1 |       ||     1
Dodge: Dodged            |    52 |    87 ||   139
